 Dungeon Crawl Stone Soup version 0.31.0-32-g396128a36d (webtiles) character file.

Game seed: 16857784473964174934

3187 Minsecho the Summoner (level 9, -4/40 (43) HPs)
             Began as a Tengu Summoner on Mar 18, 2024.
             Was a Believer of Hepliaklqana.
             Slain by a wight
             ... wielding a +4 mace
              (6 damage)
             ... on level 8 of the Dungeon.
             The game lasted 00:21:46 (7110 turns).

Minsecho the Summoner (Tengu Summoner)              Turns: 7110, Time: 00:21:47

HP:   -4/40 (43)    AC:  9    Str: 11    XL:     9   Next: 95%
MP:   18/21         EV: 33    Int: 15    God:    Hepliaklqana [**....]
Gold: 380           SH:  0    Dex: 22    Spells: 17/23 levels left

rFire   . . .        E - +7 hand axe of Jongo {freeze, ^Drain Dex+5}
rCold   . . .        m - orb {*channel}
rNeg    . . .        e - +2 robe {Will+}
rPois   .            (helmet restricted)
rElec   .            r - +0 cloak
rCorr   .            (no gloves)
SInv    .            (boots unavailable)
Will    +....        (no amulet)
Stlth   +++          A - +4 ring of protection
HPRegen 0.26/turn    (no ring)
MPRegen 0.17/turn

%: acrobat, channel magic (20%)
@: acrobatic, flying, drained
A: reduced essence, beak, talons 3, evasive flight, acrobatic
a: Renounce Religion, Recall Ancestor, Ancestor Identity


You were on level 8 of the Dungeon.
You worshipped Hepliaklqana.
Hepliaklqana was pleased with you.
You visited 2 branches of the dungeon, and saw 9 of its levels.

You collected 428 gold pieces.
You spent 48 gold pieces at shops.

Inventory:

Hand Weapons
 l - a +0 whip of electrocution
 E - the +7 hand axe of Jongo (weapon) {freeze, ^Drain Dex+5}
   (You found it on level 7 of the Dungeon)

   Dex+5:     It affects your dexterity (+5).
   ^Drain:    It drains your maximum health when unequipped.
Missiles
 d - 4 poisoned darts
 j - 3 javelins
Armour
 a - a +0 robe
 e - a +2 robe of willpower (worn)
 m - an orb of energy (worn)
 r - a +0 cloak (worn)
Jewellery
 y - a ring of fire
 A - a +4 ring of protection (left hand)
Wands
 o - a wand of polymorph (21)
 z - a wand of flame (12)
Scrolls
 k - a scroll of fog {unknown}
 n - a scroll of silence
 p - 3 scrolls of immolation {unknown}
 s - 2 scrolls of blinking {unknown}
 t - 3 scrolls of teleportation {unknown}
 w - a scroll of enchant armour {unknown}
 C - a scroll of acquirement {unknown}
Potions
 b - 5 potions of magic
 f - 4 potions of cancellation
 g - a potion of mutation
 h - 3 potions of enlightenment {unknown}
 q - a potion of lignification
 u - a potion of invisibility
 v - a potion of curing
 x - a potion of brilliance
 B - 3 potions of might


   Skills:
 + Level 2.0 Fighting
 + Level 1.4 Short Blades
 * Level 1.6(3.0) Axes
 - Level 3.8(4.0) Maces & Flails
 + Level 3.3 Dodging
 + Level 3.8 Stealth
 + Level 7.8 Spellcasting
 + Level 11.0 Summonings
 * Level 3.2 Air Magic


You had 17 spell levels left.
You knew the following spells:

 Your Spells              Type           Power      Damage    Failure   Level
a - Summon Small Mammal   Summ           100%       N/A       1%          1
b - Call Imp              Summ           78%        N/A       2%          2
c - Call Canine Familiar  Summ           39%        N/A       3%          3

Your spell library contained the following spells:

 Spells                   Type           Power      Damage    Failure   Level
 Summon Lightning Spire   Summ/Air       27%        N/A       17%         4
 Apportation              Tloc           10%        N/A       28%         1
 Necrotise                Necr           20%        1d5       28%         1
 Sting                    Conj/Alch      20%        1d4       28%         1
 Cigotuvi's Dreadful Rot  Necr/Alch/Air  18%        N/A       28%         2
 Martyr's Knell           Necr/Summ      22%        N/A       30%         4
 Summon Blazeheart Golem  Fire/Summ      22%        N/A       30%         4
 Dispel Undead            Necr           5%         3d7       90%         4
 Death Channel            Necr           2%         N/A       100%        6


Dungeon Overview and Level Annotations

Branches:
Dungeon (8/15)             Temple (1/1) D:5
   Lair: D:8-11

Altars:
Ashenzari
Cheibriados
Dithmenos
Elyvilon
Fedhas
Gozag
Hepliaklqana
Kikubaaqudgha
Makhleb
Nemelex Xobeh
Okawaru
Qazlal
Trog
Uskayaw
Vehumet
Wu Jian
Xom
Yredelemnul
Zin
The Shining One

Shops:
D:4 !   D:5 :

Annotations:
D:6 1 runed translucent door, Lemonizer's ghost, novice HORe
D:7 1 runed translucent door, Midpoint's ghost, novice DEMo


Innate Abilities, Weirdness & Mutations

Your life essence is reduced to manifest your ancestor. (-10% HP)
You have a beak for a mouth.
You have claws for feet.
Your magical flight helps you evade attacks. (EV +4)
You can magically evade attacks while moving or waiting.


Message History

Okay, then.
Unknown command.
Okay, then.
Okay, then.
Okay, then.
Unknown command.
Unknown command.
Press: ? - help, v - describe, . - travel
Here: a wight, wielding a +4 mace and wearing a +0 robe (severely damaged)
The floor.
Unknown command.
Your cerulean imp hits the elephant with a -1 spear.
The elephant tramples your cerulean imp.
Your cerulean imp is shoved backwards!
You swap places.
Your cerulean imp completely misses the elephant.
The elephant tramples your cerulean imp!
Your cerulean imp is shoved backwards!
Aurelia hits the elephant with a +0 flail.
Your cerulean imp hits the elephant but does no damage.
The elephant tramples your cerulean imp.
Your cerulean imp holds its ground!
The elephant barely misses your cerulean imp.
Aurelia hits the elephant with a +0 flail!
Your cerulean imp hits the elephant but does no damage.
The elephant misses your cerulean imp.
The elephant trunk-slaps your cerulean imp.
Your cerulean imp dies!
Your cerulean imp disappears in a puff of smoke!
The wight attacks as it pursues you! The wight misses you.
The elephant trumpets!
Okay, then.
Okay, then.
The wight attacks as it pursues you! The wight hits you with a +4 mace.
* * * LOW HITPOINT WARNING * * *
You feel drained.
Okay, then.
Found a scroll labelled RUCZIO ENENIPS.
The wight attacks as it pursues you! The wight hits you with a +4 mace.
You die...

#.#.P.. #.#.P.# #.# #?.#
#.#.P.####.#.......
#.#...................... .
#.#....###.##........... ..
#<................#..#.##..
#..........................
#.###..###.................
##.###..###@.......#..#..#..
#........###z#.P............
##...........Y......)....#..
#.###...###..P..†....?.....
#.# #......................
#...##...P.............
#.......P..####)).P.#..
#...#).....# #........
#...##.....# #...P....


You could see an elephant and a wight.

Vanquished Creatures
  Joseph (D:7)
  An ice beast (D:5)
  Blork the orc (D:5)
  2 bullfrogs
  A scorpion (D:8)
  A howler monkey (D:4)
  A bombardier beetle (D:4)
  An orc priest (D:7)
  Crazy Yiuf (D:3)
  2 jellies
  A hound (D:6)
  An iguana (D:4)
  Natasha (D:3)
  2 white imps (D:6)
  3 ribbon worms
  A dart slug (D:2)
  7 orcs
  8 endoplasms
  3 giant cockroaches
  3 hobgoblins
  3 jackals (D:1)
  6 kobolds
  3 quokkas
  3 ball pythons
  2 bats (D:1)
  6 goblins
  6 rats
71 creatures vanquished.

Vanquished Creatures (collateral kills)
  Grinder (D:5)
  Menkaure (D:6)
  Pargi (D:4)
  An orc warrior (D:7)
  An ice beast (D:5)
  2 black bears
  A sky beast (D:7)
  A kobold brigand (D:7)
  5 scorpions
  2 bullfrogs
  4 wights (D:8)
  5 bombardier beetles
  2 orc priests
  2 hounds
  7 iguanas
  Natasha (D:3)
  4 gnolls (D:4)
  5 adders
  A shadow imp (D:6)
  11 orcs
  3 ball pythons
  An endoplasm (D:1)
  2 giant cockroaches
  5 goblins
  4 hobgoblins
  2 jackals (D:3)
  3 kobolds
  2 quokkas
  3 bats
  A frilled lizard (D:1)
  A rat (D:3)
85 creatures vanquished.

Vanquished Creatures (others)
  A knight (D:7)
1 creature vanquished.

Grand Total: 157 creatures vanquished

Notes
Turn   | Place    | Note
-------+----------+-------------------------------------------
     0 | D:1      | Minsecho the Tengu Summoner began the quest for the Orb.
     0 | D:1      | Reached XP level 1. HP: 10/10 MP: 4/4
    49 | D:1      | Reached skill level 5 in Summonings
   126 | D:1      | Reached XP level 2. HP: 15/15 MP: 6/6
   312 | D:1      | Learned a level 2 spell: Call Imp
   464 | D:1      | Reached XP level 3. HP: 19/19 MP: 7/7
   777 | D:1      | Found a faded altar of an unknown god.
  1421 | D:2      | Reached XP level 4. HP: 15/24 MP: 5/8
  1778 | D:2      | Learned a level 3 spell: Call Canine Familiar
  1825 | D:3      | Reached skill level 1 in Short Blades
  1902 | D:3      | Noticed Natasha
  1936 | D:3      | Killed Natasha
  2195 | D:3      | Reached XP level 5. HP: 28/28 MP: 10/10
  2286 | D:3      | Reached skill level 6 in Summonings
  2336 | D:3      | Found a runed translucent door.
  2337 | D:3      | Noticed Crazy Yiuf
  2351 | D:3      | Killed Crazy Yiuf
  2352 | D:3      | Reached skill level 1 in Fighting
  2429 | D:3      | Noticed Natasha
  2432 | D:3      | Found a glowing silver altar of Zin.
  2440 | D:3      | Killed Natasha
  2633 | D:4      | Noticed Pargi
  2676 | D:4      | Killed Pargi
  2677 | D:4      | Reached skill level 1 in Maces & Flails
  2677 | D:4      | Reached XP level 6. HP: 34/34 MP: 1/12
  3025 | D:4      | Reached skill level 7 in Summonings
  3031 | D:4      | Gained mutation: Your magical flight helps you evade
                  | attacks. (EV +4) [Tengu growth]
  3031 | D:4      | Reached XP level 7. HP: 34/38 MP: 4/14
  3341 | D:4      | HP: 1/38 [scorpion (2)]
  3550 | D:4      | Found Tiniott's Distillery.
  3555 | D:4      | Bought a potion of degeneration for 12 gold pieces
  3556 | D:4      | Bought a potion of curing for 36 gold pieces
  3811 | D:5      | Entered Level 5 of the Dungeon
  3934 | D:5      | Found a staircase to the Ecumenical Temple.
  3943 | Temple   | Entered the Ecumenical Temple
  4022 | Temple   | Became a worshipper of Hepliaklqana the Forgotten
  4179 | D:5      | Found Detib's Self-Improvement Boutique.
  4249 | D:5      | Noticed Blork the orc
  4256 | D:5      | Killed Blork the orc
  4257 | D:5      | Reached skill level 8 in Summonings
  4257 | D:5      | Reached XP level 8. HP: 32/43 MP: 16/16
  4399 | D:5      | Reached skill level 5 in Spellcasting
  4618 | D:5      | Noticed Grinder
  4642 | D:5      | Killed Grinder
  4957 | D:5      | Reached * piety under Hepliaklqana
  5262 | D:6      | Noticed Lemonizer's ghost (novice HORe)
  5262 | D:6      | Noticed Menkaure
  5262 | D:6      | Found a runed translucent door.
  5269 | D:6      | Killed Menkaure
  5270 | D:6      | Reached skill level 9 in Summonings
  5594 | D:6      | Found an opulent altar of Gozag.
  5596 | D:6      | Found a white marble altar of Elyvilon.
  5620 | D:6      | Reached XP level 9. HP: 43/43 MP: 14/19
  5920 | D:6      | Reached skill level 10 in Summonings
  6332 | D:7      | Reached ** piety under Hepliaklqana
  6333 | D:7      | Remembered your ancestor Aurelia as a knight
  6336 | D:7      | Noticed Joseph
  6366 | D:7      | Killed Joseph
  6367 | D:7      | Reached skill level 1 in Air Magic
  6729 | D:7      | Found a runed translucent door.
  6730 | D:7      | Found a shimmering altar of Xom.
  6730 | D:7      | Noticed Midpoint's ghost (novice DEMo)
  6731 | D:7      | Noticed a +1 whip of chaos
  6764 | D:7      | Identified the +7 hand axe of Jongo {freeze, ^Drain Dex+5}
  7054 | D:8      | Noticed an elephant
  7057 | D:8      | Reached skill level 1 in Axes
  7094 | D:8      | Reached skill level 11 in Summonings
  7109 | D:8      | HP: 2/41 [wight/+4 mace (4)]
  7110 | D:8      | Slain by a wight

Illustrated notes

Levels and vault maps discovered:
D:1:      lemuel_arrival_funnel, layout_basic, chequers_ecumenical_altar_grove,
          chequers_mini_garden
D:2:      layout_loops_ring, hangedman_decor_push
D:3:      kb_forest_paths, layout_rooms, zin_scriptorium, uniq_natasha,
          uniq_crazy_yiuf_cottage
D:4:      layout_rooms, serial_shops, kennysheep_mini, uniq_pargi
D:5:      layout_loops_corners, minmay_temple_entry_slanted,
          nicolae_shop_self_help, uniq_grinder, uniq_blork_the_orc
D:6:      layout_basic, nicolae_overflow_hidden_temple,
          hellmonk_ghost_happy_afterlife, uniq_menkaure
D:7:      layout_gridville, ebering_ghost_xom, uniq_joseph
D:8:      minmay_cut_squares, layout_basic, mainiacjoe_overflow_boulevard,
          grunt_lair_entry_orc_guard_hut, serial_shops, shop,
          chequers_serial_rivers_small_a
Temple:   minmay_crystal_spiral_temple

Skill      XL: |  1  2  3  4  5  6  7  8  9 |
---------------+----------------------------+-----
Summonings     | 5 6 7 8 9 11 | 11.0
Short Blades   | 1 |  1.4
Fighting       | 1 2 |  2.0
Spellcasting   | 3 4 6 7 |  7.8
Stealth        | 3 |  3.8
Maces & Flails | 1 2 3 |  3.8
Dodging        | 3 |  3.3
Air Magic      | 3 |  3.2
Axes           | 1 |  1.6

Action                     |  1- 3 |  4- 6 |  7- 9 || total
---------------------------+-------+-------+-------++-------
  Melee: Short sword       |    90 |    19 |       ||   109
         Unarmed           |     5 |       |       ||     5
         Kick              |    22 |    16 |    30 ||    68
         Peck              |    14 |    11 |    30 ||    55
         Whip              |       |    49 |   101 ||   150
         Hand axe          |       |       |    12 ||    12
  Throw: Javelin           |       |     2 |       ||     2
   Cast: Summon Small Mamm |    21 |    31 |    13 ||    65
         Call Imp          |       |    21 |    13 ||    34
         Call Canine Famil |       |     2 |    41 ||    43
 Invoke: Ancestor Identity |       |       |     1 ||     1
         Ancestor Life: Kn |       |       |     1 ||     1
    Use: Potion            |       |     3 |     1 ||     4
         Scroll            |       |       |     7 ||     7
   Stab: Sleeping          |     8 |     1 |       ||     9
         Distracted        |     1 |     1 |       ||     2
 Armour: Robe              |    43 |    49 |    62 ||   154
  Dodge: Dodged            |    67 |    81 |    70 ||   218
